 Dungeon Crawl Stone Soup version 0.23-a0-239-g84a5ed292d (webtiles) character file.

36 PikkenKukken the Vexing (level 3, 25/25 HPs)
             Began as a Gnoll Wanderer on Sept 26, 2018.
             Quit the game on level 1 of the Dungeon.
             The game lasted 00:03:16 (1435 turns).

PikkenKukken the Vexing (Gnoll Wanderer)            Turns: 1435, Time: 00:03:16

Health: 25/25      AC:  2    Str: 13    XL:     3   Next: 37%
Magic:  9/9        EV: 11    Int: 16    God:
Gold:   28         SH:  0    Dex: 14    Spells: 7/12 levels left

rFire    . . .     SeeInvis .   d - +0 dagger
rCold    . . .     Gourm    .   (no shield)
rNeg     . . .     Faith    .   c - +0 robe
rPois    .         Spirit   .   (no helmet)
rElec    .         Reflect  .   (no cloak)
rCorr    .         Harm     .   (no gloves)
MR       .....                  (no boots)
Stlth    ++........             (no amulet)
HPRegen  0.08/turn              (no ring)
MPRegen  0.11/turn              (no ring)

@: no status effects
A: distributed training, fangs 1, strong nose
a: no special abilities


You were on level 1 of the Dungeon.
You were very hungry.

You visited 1 branch of the dungeon, and saw 1 of its levels.

You collected 28 gold pieces.

Inventory:

Hand Weapons
 d - a +0 dagger (weapon)
Armour
 c - a +0 robe (worn)
Scrolls
 a - a scroll of remove curse
 b - a scroll of identify
Potions
 e - a potion of ambrosia {unknown}
 g - a potion of flight
 h - a potion of resistance {unknown}
 i - a potion of berserk rage {unknown}
Comestibles
 f - 2 rations


   Skills:
 + Level 0.7 Fighting
 + Level 0.7 Short Blades
 + Level 0.7 Long Blades
 + Level 0.7 Axes
 + Level 0.7 Maces & Flails
 + Level 0.7 Polearms
 + Level 0.7 Staves
 + Level 0.7 Slings
 + Level 0.7 Bows
 + Level 0.7 Crossbows
 + Level 2.6 Throwing
 + Level 0.7 Armour
 + Level 0.7 Dodging
 + Level 0.7 Stealth
 + Level 2.6 Shields
 + Level 0.7 Unarmed Combat
 + Level 5.0 Spellcasting
 + Level 0.5 Conjurations
 + Level 7.1 Hexes
 + Level 0.5 Charms
 + Level 0.5 Summonings
 + Level 0.5 Necromancy
 + Level 0.5 Translocations
 + Level 0.5 Transmutations
 + Level 0.5 Fire Magic
 + Level 3.7 Ice Magic
 + Level 0.5 Air Magic
 + Level 0.5 Earth Magic
 + Level 0.5 Poison Magic
 + Level 0.9 Invocations
 + Level 0.7 Evocations


You had 7 spell levels left.
You knew the following spells:

 Your Spells              Type           Power        Failure   Level  Hunger
a - Freeze                Ice            ###.         3%          1    None
b - Ozocubu's Armour      Chrm/Ice       ##......     19%         3    ###....
c - Sting                 Conj/Pois      #...         12%         1    None

Your spell library contained the following spells:

 Spells                   Type           Power        Failure   Level  Hunger
 Throw Frost              Conj/Ice       ##....       10%         2    #......
 Ignite Poison            Fire/Tmut/Pois #.......     36%         3    ###....
 Summon Ice Beast         Ice/Summ       ##......     54%         4    ####...
 Throw Icicle             Conj/Ice       ##......     54%         4    ####...


Dungeon Overview and Level Annotations

Branches:
Dungeon (1/15)

Altars:


Innate Abilities, Weirdness & Mutations

Your experience applies equally to all skills.
You have very sharp teeth.
Your uncanny sense of smell can sniff out nearby items.


Message History

Your icy armour evaporates.
You start resting.
Magic restored.
You see here a club.
b - a scroll of identify As you open the door, it creaks loudly!
A goblin comes into view. It is wielding a dagger.
The goblin shouts!
You hit the goblin.
You kill the goblin!
No target in view!
No target in view!
There is an open door here.
You see here a dagger.
You open the door.
There is an open door here.
You open the door.
There is an open door here.
A goblin comes into view. It is wielding a club.
Are you sure you want to abandon this character and quit the game? (Confirm

....)...###...#...#......# .#.
........).'...'...#......# ##.
........###...###........#######.
....##.#...?..#.....#######....#.
....##+#.....##.....##.........#.
.......[.....##................#.
.........########..............#.
##.......##....................#.
.........##.....@...##.........#.
##.......##....................#.
#.......##....................#.
#........#.......#...####.....#.
#.#......#............####....#.
#.#......#.......#............##
#.########...................##.
##........g...................##.
.'.######## ..###........##.


You could see a goblin (sleeping).

Vanquished Creatures
  A gnoll (D:1)
  2 dart slugs (D:1)
  A leopard gecko (D:1)
  4 bats (D:1)
  A giant cockroach (D:1)
  3 goblins (D:1)
  2 hobgoblins (D:1)
  4 frilled lizards (D:1)
  2 kobolds (D:1)
  3 rats (D:1)
23 creatures vanquished.

Notes
Turn   | Place    | Note
-------+----------+-------------------------------------------
     0 | D:1      | PikkenKukken the Gnoll Wanderer began the quest for the
                  | Orb.
     0 | D:1      | PikkenKukken set off with: a +0 robe, a +0 dagger, a ration
     0 | D:1      | Reached XP level 1. HP: 13/13 MP: 6/6
     2 | D:1      | Learned a level 1 spell: Freeze
   588 | D:1      | Reached XP level 2. HP: 19/19 MP: 4/7
   974 | D:1      | Reached skill level 5 in Spellcasting
   974 | D:1      | Reached XP level 3. HP: 3/25 MP: 2/9
  1249 | D:1      | Learned a level 3 spell: Ozocubu's Armour
  1251 | D:1      | Learned a level 1 spell: Sting
  1435 | D:1      | Quit the game

Vault maps used:
D:1:      lightli_arrival_flooded_house, columned_hall_lemuel,
          minmay_door_square

Skill      XL: |  1  2 |
---------------+-------+-----
Spellcasting   | 5 |  5.0
Fighting       | |  0.7
Short Blades   | |  0.7
Long Blades    | |  0.7
Axes           | |  0.7
Maces & Flails | |  0.7
Polearms       | |  0.7
Staves         | |  0.7
Slings         | |  0.7
Bows           | |  0.7
Crossbows      | |  0.7
Throwing       | |  2.6
Armour         | |  0.7
Dodging        | |  0.7
Stealth        | |  0.7
Shields        | |  2.6
Unarmed Combat | |  0.7
Conjurations   | |  0.5
Hexes          | |  7.1
Charms         | |  0.5
Summonings     | |  0.5
Necromancy     | |  0.5
Translocations | |  0.5
Transmutations | |  0.5
Fire Magic     | |  0.5
Ice Magic      | |  3.7
Air Magic      | |  0.5
Earth Magic    | |  0.5
Poison Magic   | |  0.5
Invocations    | |  0.9
Evocations     | |  0.7

Action                   || total
-------------------------++-------
Melee: Dagger            ||    12
       Bite              ||     1
 Cast: Freeze            ||    32
       Sting             ||     3
       Ozocubu's Armour  ||     1
  Use: Scroll            ||     3
Armor: Robe              ||     8
Dodge: Dodged            ||    19

Table legend:
 A = Non-vault XP
 B = Vault XP
 C = Vault XP percentage of total XP
 D = Non-vault monster count
 E = Vault monster count
 F = Vault count percentage of total count
                 A         B        C        D         E       F
            +---------+---------+-------+---------+---------+-------
      Total |      52 |       0 |   0.0 |      23 |       0 |   0.0
            +---------+---------+-------+---------+---------+-------
        D:1 |      52 |       0 |   0.0 |      23 |       0 |   0.0
            +---------+---------+-------+---------+---------+-------
